TOP OF THE 1ST |
Oakland Oaks batting - Pitching for Calgary Flames : RHP Antonio Reyes
|
Pitching: RHP Antonio Reyes
|
|
Batting: RHB Chris Bohm
|
0-0: Foul Ball, location: 2F 0-1: Ball 1-1: Called Strike 1-2: Strikes out swinging
|
Batting: RHB Scott Lister
|
0-0: Called Strike 0-1: Fly out, F3 (Popup, 3F, EV 60.0 MPH)
|
Batting: SHB D.J. Codd
|
0-0: Ball 1-0: SOLO HOME RUN (Flyball, 9D, EV 99.4 MPH), Distance : 358 ft
|
Batting: RHB Shannon Beck
|
0-0: Ball 1-0: Ball 2-0: Swinging Strike 2-1: Ball 3-1: Base on Balls
|
Batting: RHB Todd Vanasco
|
0-0: Ball 1-0: Called Strike 1-1: Ball 2-1: Foul Ball, location: 2F 2-2: Foul Ball, location: 2F 2-2: Foul Ball, location: 2F 2-2: Ball 3-2: Base on Balls Shannon Beck to second
|
Batting: RHB Tim Cordle
|
0-0: Fly out, F8 (Flyball, 8RM, EV 85.6 MPH)
|
Top of the 1st over - 1 run, 1 hit, 0 errors, 2 left on base; Oakland 1 - Calgary 0 |
BOTTOM OF THE 1ST |
Calgary Flames batting - Pitching for Oakland Oaks : LHP Kevin Clark
|
Pitching: LHP Kevin Clark
|
|
Batting: RHB Elias Vences
|
0-0: Foul Ball, location: 2F 0-1: Ball 1-1: Foul Ball, location: 2F 1-2: Strikes out swinging
|
Batting: RHB Brian DeVoe
|
0-0: Foul Ball, location: 2F 0-1: Ball 1-1: Ground out 1-3 (Groundball, 13S, EV 73.1 MPH)
|
Batting: RHB Eric McMillian
|
0-0: Called Strike 0-1: Ball 1-1: Foul Ball, location: 2F 1-2: Strikes out swinging
|
Bottom of the 1st over - 0 runs, 0 hits, 0 errors, 0 left on base; Oakland 1 - Calgary 0 |
TOP OF THE 2ND |
Oakland Oaks batting - Pitching for Calgary Flames : RHP Antonio Reyes
|
Batting: RHB Tetsuya Shinoda
|
0-0: Called Strike 0-1: Ball 1-1: Ball 2-1: DOUBLE (Flyball, 8LXD, EV 102.5 MPH)
|
Batting: RHB Travis Robinson
|
0-0: Ball 1-0: Called Strike 1-1: Fly out, F9 (Line Drive, 9, EV 95.6 MPH)
|
Batting: RHB Larry Clark
|
0-0: Called Strike 0-1: Swinging Strike 0-2: Ball 1-2: Ball 2-2: Strikes out swinging
|
Batting: RHB Chris Bohm
|
0-0: Called Strike 0-1: Ball 1-1: Ball 2-1: Ball 3-1: Base on Balls
|
Batting: RHB Scott Lister
|
0-0: Ball 1-0: Called Strike 1-1: Foul Ball, location: 2F 1-2: Strikes out swinging
|
Top of the 2nd over - 0 runs, 1 hit, 0 errors, 2 left on base; Oakland 1 - Calgary 0 |
BOTTOM OF THE 2ND |
Calgary Flames batting - Pitching for Oakland Oaks : LHP Kevin Clark
|
Batting: RHB Mike MacLeod
|
0-0: Swinging Strike 0-1: Called Strike 0-2: Ball 1-2: Foul Ball, location: 2F 1-2: Ball 2-2: Ball 3-2: Strikes out swinging
|
Batting: LHB Carlos Cuellar
|
0-0: Swinging Strike 0-1: Ground out 6-3 (Groundball, 6, EV 99.4 MPH)
|
Batting: SHB Isaiah Scates
|
0-0: Ball 1-0: Ball 2-0: Foul Ball, location: 2F 2-1: Foul Ball, location: 2F 2-2: Foul Ball, location: 2F 2-2: Strikes out swinging
|
Bottom of the 2nd over - 0 runs, 0 hits, 0 errors, 0 left on base; Oakland 1 - Calgary 0 |
TOP OF THE 3RD |
Oakland Oaks batting - Pitching for Calgary Flames : RHP Antonio Reyes
|
Batting: SHB D.J. Codd
|
0-0: Fly out, F8 (Flyball, 8LS, EV 91.2 MPH)
|
Batting: RHB Shannon Beck
|
0-0: Ball 1-0: Called Strike 1-1: Foul Ball, location: 2F 1-2: Foul Ball, location: 2F 1-2: SINGLE (Groundball, 6MD, EV 95.6 MPH)
|
Batting: RHB Todd Vanasco
|
0-0: Foul Ball, location: 2F 0-1: Swinging Strike 0-2: Strikes out swinging
|
Batting: RHB Tim Cordle
|
0-0: Called Strike 0-1: Swinging Strike 0-2: Ball 1-2: Strikes out swinging
|
Top of the 3rd over - 0 runs, 1 hit, 0 errors, 1 left on base; Oakland 1 - Calgary 0 |
BOTTOM OF THE 3RD |
Calgary Flames batting - Pitching for Oakland Oaks : LHP Kevin Clark
|
Batting: RHB Adrian Cook
|
0-0: Ball 1-0: Called Strike 1-1: Ball 2-1: Ball 3-1: Base on Balls
|
Batting: RHB Jon Groseclose
|
0-0: Ball 1-0: Ball 2-0: Foul Ball, location: 2F 2-1: Called Strike Adrian Cook steals 2nd base (no throw) 2-2: Strikes out swinging
|
Batting: RHB Ricardo Ortiz
|
0-0: SINGLE (Groundball, 6MD, EV 102.5 MPH) Adrian Cook to third Runner from 3rd tries for Home, SAFE, throw by CF to home
|
Batting: RHB Elias Vences
|
0-0: Called Strike 0-1: Called Strike 0-2: Strikes out swinging
|
Batting: RHB Brian DeVoe
|
0-0: Swinging Strike 0-1: Called Strike 0-2: Strikes out looking
|
Bottom of the 3rd over - 1 run, 1 hit, 0 errors, 1 left on base; Oakland 1 - Calgary 1 |
TOP OF THE 4TH |
Oakland Oaks batting - Pitching for Calgary Flames : RHP Antonio Reyes
|
Batting: RHB Tetsuya Shinoda
|
0-0: Called Strike 0-1: Swinging Strike 0-2: Strikes out swinging
|
Batting: RHB Travis Robinson
|
0-0: Swinging Strike 0-1: Foul Ball, location: 2F 0-2: Ball 1-2: Strikes out looking
|
Batting: RHB Larry Clark
|
0-0: Ball 1-0: Bunt for hit to 13 - play at first, batter safe!
|
Batting: RHB Chris Bohm
|
0-0: Ball Larry Clark steals 2nd base 1-0: Called Strike 1-1: Swinging Strike 1-2: Foul Ball, location: 2F 1-2: Ball 2-2: Foul Ball, location: 2F 2-2: Strikes out looking
|
Top of the 4th over - 0 runs, 1 hit, 0 errors, 1 left on base; Oakland 1 - Calgary 1 |
BOTTOM OF THE 4TH |
Calgary Flames batting - Pitching for Oakland Oaks : LHP Kevin Clark
|
Batting: RHB Eric McMillian
|
0-0: Ball 1-0: Called Strike 1-1: Ball 2-1: Fly out, F8 (Flyball, 8RXD, EV 81.9 MPH)
|
Batting: RHB Mike MacLeod
|
0-0: Ball 1-0: Foul Ball, location: 2F 1-1: Swinging Strike 1-2: Strikes out swinging
|
Batting: LHB Carlos Cuellar
|
0-0: Ball 1-0: Ball 2-0: Foul Ball, location: 2F 2-1: SINGLE (Line Drive, 89S, EV 95.0 MPH)
|
Batting: SHB Isaiah Scates
|
0-0: Fly out, F7 (Flyball, 7LS, EV 88.1 MPH)
|
Bottom of the 4th over - 0 runs, 1 hit, 0 errors, 1 left on base; Oakland 1 - Calgary 1 |
TOP OF THE 5TH |
Oakland Oaks batting - Pitching for Calgary Flames : RHP Antonio Reyes
|
Batting: RHB Scott Lister
|
0-0: DOUBLE (Flyball, 8LXD, EV 91.9 MPH)
|
Batting: SHB D.J. Codd
|
0-0: Ball 1-0: Ball 2-0: Foul Ball, location: 2F 2-1: Foul Ball, location: 2F 2-2: Strikes out looking
|
Pitching: LHP Bill Hussey
|
|
Batting: RHB Shannon Beck
|
0-0: Ball 1-0: Called Strike Scott Lister steals 3rd base 1-1: Ball 2-1: Foul Ball, location: 2F 2-2: Strikes out looking
|
Batting: RHB Todd Vanasco
|
0-0: Foul Ball, location: 2F 0-1: Foul Ball, location: 2F 0-2: Ball 1-2: Ball 2-2: Ball 3-2: DOUBLE (Flyball, 8LXD, EV 103.8 MPH) Scott Lister scores
|
Batting: RHB Tim Cordle
|
0-0: Foul Ball, location: 2F 0-1: Ball 1-1: Ball 2-1: Ball 3-1: Foul Ball, location: 2F 3-2: Foul Ball, location: 2F 3-2: Base on Balls
|
Batting: RHB Tetsuya Shinoda
|
0-0: Fly out, F6 (Popup, P, EV 82.5 MPH)
|
Top of the 5th over - 1 run, 2 hits, 0 errors, 2 left on base; Oakland 2 - Calgary 1 |
BOTTOM OF THE 5TH |
Calgary Flames batting - Pitching for Oakland Oaks : LHP Kevin Clark
|
Batting: RHB Adrian Cook
|
0-0: Called Strike 0-1: Ball 1-1: Ball 2-1: SINGLE (Groundball, 56D, EV 95.6 MPH)
|
Batting: RHB Jon Groseclose
|
0-0: Ball 1-0: Foul Ball, location: 2F 1-1: Called Strike 1-2: Foul Ball, location: 2F 1-2: Foul Ball, location: 2F 1-2: Ball 2-2: Strikes out looking
|
Batting: RHB Ricardo Ortiz
|
0-0: Called Strike 0-1: Ball 1-1: Grounds into double play, 3-6-1 (Groundball, 34, EV 109.4 MPH)
|
Bottom of the 5th over - 0 runs, 1 hit, 0 errors, 0 left on base; Oakland 2 - Calgary 1 |
TOP OF THE 6TH |
Oakland Oaks batting - Pitching for Calgary Flames : LHP Bill Hussey
|
Batting: RHB Travis Robinson
|
0-0: Called Strike 0-1: Foul Ball, location: 2F 0-2: Strikes out swinging
|
Batting: RHB Larry Clark
|
0-0: SINGLE (Line Drive, 5D, EV 101.2 MPH)
|
Batting: RHB Chris Bohm
|
0-0: Ball 1-0: Called Strike 1-1: Swinging Strike 1-2: Ball 2-2: Foul Ball, location: 2F 2-2: Ball 3-2: Fly out, F7 (Flyball, 78S, EV 91.9 MPH)
|
Batting: RHB Scott Lister
|
0-0: Called Strike 0-1: Ball 1-1: Ball 2-1: Called Strike 2-2: Foul Ball, location: 2F 2-2: Foul Ball, location: 2F 2-2: Ball 3-2: 2-RUN HOME RUN (Flyball, 89XD, EV 105.6 MPH), Distance : 418 ft
|
Batting: SHB D.J. Codd
|
0-0: Fly out, F7 (Flyball, 7S, EV 91.9 MPH)
|
Top of the 6th over - 2 runs, 2 hits, 0 errors, 0 left on base; Oakland 4 - Calgary 1 |
BOTTOM OF THE 6TH |
Calgary Flames batting - Pitching for Oakland Oaks : LHP Kevin Clark
|
Batting: RHB Elias Vences
|
0-0: Foul Ball, location: 2F 0-1: TRIPLE (Flyball, 7D, EV 110.0 MPH)
|
Batting: RHB Brian DeVoe
|
0-0: Ball 1-0: Called Strike 1-1: Called Strike 1-2: SINGLE (Groundball, 56D, EV 105.0 MPH) Elias Vences scores
|
Batting: RHB Eric McMillian
|
0-0: Called Strike 0-1: Ball 1-1: Ball 2-1: Grounds into double play, 6-4-3 (Groundball, 6, EV 108.1 MPH)
|
Batting: RHB Mike MacLeod
|
0-0: Called Strike 0-1: Fly out, F9 (Flyball, 9, EV 93.8 MPH)
|
Bottom of the 6th over - 1 run, 2 hits, 0 errors, 0 left on base; Oakland 4 - Calgary 2 |
TOP OF THE 7TH |
Oakland Oaks batting - Pitching for Calgary Flames : LHP Bill Hussey
|
Pitching: RHP Brice MacKenzie
|
|
Batting: RHB Shannon Beck
|
0-0: Ball 1-0: Foul Ball, location: 2F 1-1: Foul Ball, location: 2F 1-2: Ball 2-2: Fly out, F9 (Flyball, 9, EV 88.8 MPH)
|
Batting: RHB Todd Vanasco
|
0-0: DOUBLE (Line Drive, 9LS, EV 98.8 MPH)
|
Batting: RHB Tim Cordle
|
0-0: Called Strike 0-1: Ball 1-1: Fly out, F8 (Line Drive, 8LD, EV 90.0 MPH)
|
Batting: RHB Tetsuya Shinoda
|
0-0: Called Strike 0-1: Called Strike 0-2: Ball 1-2: Ball 2-2: Strikes out swinging
|
Top of the 7th over - 0 runs, 1 hit, 0 errors, 1 left on base; Oakland 4 - Calgary 2 |
BOTTOM OF THE 7TH |
Calgary Flames batting - Pitching for Oakland Oaks : LHP Kevin Clark
|
Pitching: LHP Kalaida Steedman
|
|
Batting: LHB Carlos Cuellar
|
0-0: Swinging Strike 0-1: Ball 1-1: Ball 2-1: Swinging Strike 2-2: Ball 3-2: Foul Ball, location: 2F 3-2: Strikes out swinging
|
Batting: SHB Isaiah Scates
|
0-0: Ball 1-0: Foul Ball, location: 2F 1-1: Called Strike 1-2: Ball 2-2: Strikes out looking
|
Batting: RHB Adrian Cook
|
0-0: Called Strike 0-1: Ball 1-1: Called Strike 1-2: Strikes out swinging
|
Bottom of the 7th over - 0 runs, 0 hits, 0 errors, 0 left on base; Oakland 4 - Calgary 2 |
TOP OF THE 8TH |
Oakland Oaks batting - Pitching for Calgary Flames : RHP Brice MacKenzie
|
Pitching: RHP Colin Dorsey
|
|
Pinch Hitting: LHB Augustin Cormier
|
0-0: Called Strike 0-1: Called Strike 0-2: Strikes out swinging
|
Batting: RHB Larry Clark
|
0-0: Foul Ball, location: 2F 0-1: Fly out, F6 (Flyball, 56D, EV 79.4 MPH)
|
Batting: RHB Chris Bohm
|
0-0: Fly out, F7 (Flyball, 78S, EV 73.1 MPH)
|
Top of the 8th over - 0 runs, 0 hits, 0 errors, 0 left on base; Oakland 4 - Calgary 2 |
BOTTOM OF THE 8TH |
Calgary Flames batting - Pitching for Oakland Oaks : LHP Kalaida Steedman
|
Pitching: RHP Chad Cooper
|
|
Now at 1B: Jason Dove
|
|
Now in RF: Felipe Gomez
|
|
Batting: RHB Jon Groseclose
|
0-0: Called Strike 0-1: Ball 1-1: Swinging Strike 1-2: Ground out 6-3 (Groundball, 6, EV 83.8 MPH)
|
Batting: RHB Ricardo Ortiz
|
0-0: SINGLE (Line Drive, 4M, EV 102.5 MPH)
|
Batting: RHB Elias Vences
|
0-0: Foul Ball, location: 2F 0-1: Ball 1-1: Called Strike 1-2: Ball 2-2: Ball 3-2: Base on Balls Ricardo Ortiz to second
|
Batting: RHB Brian DeVoe
|
0-0: Foul Ball, location: 2F 0-1: Swinging Strike 0-2: Strikes out looking
|
Batting: RHB Eric McMillian
|
0-0: Ball 1-0: Called Strike 1-1: Swinging Strike 1-2: Foul Ball, location: 2F 1-2: Strikes out swinging
|
Bottom of the 8th over - 0 runs, 1 hit, 0 errors, 2 left on base; Oakland 4 - Calgary 2 |
TOP OF THE 9TH |
Oakland Oaks batting - Pitching for Calgary Flames : RHP Colin Dorsey
|
Pitching: LHP Manny Santiago
|
|
Batting: RHB Scott Lister
|
0-0: Foul Ball, location: 2F 0-1: Called Strike 0-2: Ball 1-2: Strikes out swinging
|
Batting: SHB D.J. Codd
|
0-0: Ball 1-0: Called Strike 1-1: Swinging Strike 1-2: Ball 2-2: Strikes out looking
|
Batting: RHB Shannon Beck
|
0-0: Called Strike 0-1: Called Strike 0-2: Ball 1-2: Ball 2-2: Foul Ball, location: 2F 2-2: Foul Ball, location: 2F 2-2: Fly out, F7 (Line Drive, 7, EV 90.0 MPH)
|
Top of the 9th over - 0 runs, 0 hits, 0 errors, 0 left on base; Oakland 4 - Calgary 2 |
BOTTOM OF THE 9TH |
Calgary Flames batting - Pitching for Oakland Oaks : RHP Chad Cooper
|
Pitching: RHP Charlie Shook
|
|
Batting: RHB Mike MacLeod
|
0-0: Foul Ball, location: 2F 0-1: Ball 1-1: Ball 2-1: Ball 3-1: Base on Balls
|
Batting: LHB Carlos Cuellar
|
0-0: Ball 1-0: Grounds into double play, 4-6-3 (Groundball, 4M, EV 109.4 MPH)
|
Batting: SHB Isaiah Scates
|
0-0: Called Strike 0-1: Ball 1-1: Ball 2-1: Ball 3-1: Base on Balls
|
Batting: RHB Adrian Cook
|
0-0: Called Strike 0-1: Ball 1-1: Foul Ball, location: 2F 1-2: Strikes out swinging
|
Bottom of the 9th over - 0 runs, 0 hits, 0 errors, 1 left on base; Oakland 4 - Calgary 2 |
|